 Dungeon Crawl Stone Soup version 0.28-a0-895-g6e5f11bd55 (webtiles) character file.

Game seed: 15832647104283727722

23 siradein the Sneak (level 2, -2/23 HPs)
             Began as a Demonspawn Brigand on Nov 23, 2021.
             Slain by a quokka (3 damage)
             ... on level 1 of the Dungeon.
             The game lasted 00:02:28 (534 turns).

siradein the Sneak (Demonspawn Brigand)              Turns: 534, Time: 00:02:29

Health: -2/23      AC:  3    Str: 11    XL:     2   Next: 75%
Magic:  2/2        EV: 12    Int: 12    God:
Gold:   7          SH:  0    Dex: 14    Spells: 1/1 levels left

rFire   . . .      SeeInvis .   a - +2 dagger
rCold   . . .      Faith    .   (no shield)
rNeg    . . .      Spirit   .   b - +0 robe
rPois   .          Reflect  .   (no helmet)
rElec   .          Harm     .   c - +0 cloak
rCorr   .          Rampage  .   (no gloves)
Will    .....                   (no boots)
Stlth   ++........              (no amulet)
HPRegen 0.07/turn               (no ring)
MPRegen 0.08/turn               (no ring)

@: no status effects
A: claws 1
a: no special abilities


You were on level 1 of the Dungeon.
You visited 1 branch of the dungeon, and saw 1 of its levels.

You collected 7 gold pieces.

Inventory:

Hand Weapons
 a - a +2 dagger (weapon)
 g - a +0 hunting sling
Missiles
 d - 8 poisoned darts (quivered)
 e - 2 curare-tipped darts
 f - 58 stones
 j - 21 sling bullets
Armour
 b - a +0 robe (worn)
 c - a +0 cloak (worn)
Scrolls
 h - 2 scrolls of teleportation {unknown}
Potions
 i - a potion of attraction {unknown}
 k - a potion of lignification {unknown}


   Skills:
 + Level 2.5 Fighting
 - Level 1.7 Short Blades
 + Level 2.2 Throwing
 + Level 1.5 Dodging
 - Level 3.6 Stealth


You had one spell level left.
You didn't know any spells.
Your spell library contained the following spells:

 Spells                   Type           Power      Damage    Failure   Level
 Animate Skeleton         Necr           0%         N/A       32%         1
 Pain                     Necr           0%         1d4       32%         1
 Vampiric Draining        Necr           0%         2d6       69%         3


Dungeon Overview and Level Annotations

Branches:
Dungeon (1/15)

Altars:


Innate Abilities, Weirdness & Mutations

You have sharp fingernails.


Message History

The kobold is heavily wounded.
The kobold hits you but does no damage.
You closely miss the kobold.
The kobold is heavily wounded.
The kobold hits you with a +0 short sword.
You miss the kobold.
The kobold is heavily wounded.
The kobold barely misses you.
You hit the kobold.
The kobold is severely wounded.
The kobold hits you with a +0 short sword.
You hit the kobold.
You kill the kobold!
You closely miss the quokka. The quokka bites you.
* * * LOW HITPOINT WARNING * * *
You hit the quokka.
The quokka is lightly wounded.
The quokka closely misses you.
You hit the quokka but do no damage.
The quokka is lightly wounded.
The quokka bites you but does no damage.
You closely miss the quokka.
The quokka is lightly wounded.
The quokka bites you.
* * * LOW HITPOINT WARNING * * *
You closely miss the quokka.
The quokka is lightly wounded.
The quokka closely misses you.
You hit the quokka.
The quokka is heavily wounded.
The quokka closely misses you.
You hit the quokka but do no damage.
The quokka is heavily wounded.
The quokka bites you but does no damage.
The quokka bites you.
* * * LOW HITPOINT WARNING * * *
You hit the quokka.
The quokka is almost dead.
The quokka bites you.
You die...

#.# ############ #.# #.#
...........# ##.## #.# ..
#######.#..######...#####.#####..
##.###.................) ....
##.## ##.#####....####... ...
#.## ##...........##.# #.. ##.##
##.######.###.##.## #.# ##.###.##
#.@rg# #.....# #.# ##.#.##
#.##.###.#..)###.#. ##.## #>
#.)...#.#....... #.# #.
###............. #.# #.
#######....... #.# #. #####.##
#.# #. #.# #.. .. #.# ### #..


You could see a quokka and a goblin.

Vanquished Creatures
  An endoplasm (D:1)
  2 goblins (D:1)
  A hobgoblin (D:1)
  3 jackals (D:1)
  A quokka (D:1)
  A ball python (D:1)
  4 bats (D:1)
  4 frilled lizards (D:1)
  4 kobolds (D:1)
  3 rats (D:1)
24 creatures vanquished.

Notes
Turn   | Place    | Note
-------+----------+-------------------------------------------
     0 | D:1      | siradein the Demonspawn Brigand began the quest for the
                  | Orb.
     0 | D:1      | Reached XP level 1. HP: 16/16 MP: 1/1
    20 | D:1      | Reached skill level 1 in Dodging
   259 | D:1      | Gained mutation: You have sharp fingernails. [demonic
                  | ancestry]
   259 | D:1      | Reached XP level 2. HP: 22/22 MP: 2/2
   530 | D:1      | HP: 1/23 [quokka (3)]
   534 | D:1      | Slain by a quokka

Illustrated notes

Levels and vault maps discovered:
D:1:      dpeg_arrival_lava_altar, layout_loops_ring, serial_shops,
          nicolae_shop_crystal

Skill      XL: |  1 |
---------------+----+-----
Dodging        | 1 |  1.5
Throwing       | 2 |  2.2
Fighting       | |  2.5
Short Blades   | |  1.7
Stealth        | |  3.6

Action                   || total
-------------------------++-------
Melee: Dagger            ||    79
 Stab: Sleeping          ||     4
Armor: Robe              ||    25
Dodge: Dodged            ||    54

Table legend: (Time is in decaauts)
 A = Elapsed time spent in this place.
 B = Non-inter-level travel time spent in this place.
 C = Inter-level travel time spent in this place.
 D = Time resting spent in this place.
 E = Time spent auto-exploring this place.
 F = Levels seen in this place.
 G = Mean time per level.
                   A        B        C        D        E       F      G
               +--------+--------+--------+--------+--------+-----+--------+
         Total |    527 |    527 |      0 |      0 |    357 |   1 |  527.0 |
       Dungeon |    527 |    527 |      0 |      0 |    357 |   1 |  527.0 |
               +--------+--------+--------+--------+--------+-----+--------+

Top non-repeatable levels by time:
     D:1: 527 daAuts
